 Dungeon Crawl Stone Soup version 0.32-a0-612-g1c984fe9d1 (webtiles) character file.

Game seed: 2528942293221042107

3088 jlumianski the Cleaver (level 9, -3/81 HPs)
             Began as a Mountain Dwarf Fighter on Mar 5, 2024.
             Slain by an orc knight
             ... wielding a +0 glaive
              (11 damage)
             ... in a bailey.
             The game lasted 00:44:15 (8207 turns).

jlumianski the Cleaver (Mountain Dwarf Fighter)     Turns: 8207, Time: 00:44:15

Health: -3/81      AC: 20    Str: 23    XL:     9   Next: 59%
Magic:  14/14      EV:  7    Int: 12    God:
Gold:   84         SH:  5    Dex:  9    Spells: 15/15 levels left

rFire   + . .        a - +0 war axe
rCold   x . .        c - +0 buckler
rNeg    + . .        K - +0 plate armour
rPois   +            F - +2 helmet {Int+3}
rElec   +            H - +2 cloak
rCorr   .            (no gloves)
SInv    .            (no boots)
Will    .....        (no amulet) Stlth
                     o - ring of poison resistance
HPRegen 0.33/turn    y - ring "Deebatin" {Fire rElec rN+}
MPRegen 0.14/turn

%: no passive effects
@: invisible
A: runic magic, artefact enchanting
a: no special abilities


You were in a bailey.
You visited 1 branch of the dungeon, and saw 9 of its levels.
You also visited: Bailey.

You collected 320 gold pieces.
You spent 236 gold pieces at shops.

Inventory:

Hand Weapons
 a - a +0 war axe (weapon)
 d - a +0 hand axe
 E - a +5 dagger
 G - a +3 quarterstaff of chaos
Missiles
 s - 3 poisoned darts (quivered)
 I - a throwing net
Armour
 b - a +0 scale mail
 c - a +0 buckler (worn)
 f - a +0 scale mail
 g - a scarf of harm
 u - a +0 chain mail
 F - a +2 helmet of intelligence (worn)
 H - a +2 cloak (worn)
 K - a +0 plate armour (worn)
Jewellery
 h - a ring of magical power
 o - a ring of poison resistance (left hand)
 y - the ring "Deebatin" (right hand) {Fire rElec rN+}
   (You found it on level 5 of the Dungeon)

   [ring of fire]

   Fire:      It enhances your fire magic.
   rF+:       It protects you from fire.
   rC-:       It makes you vulnerable to cold.
   rElec:     It insulates you from electricity.
   rN+:       It protects you from negative energy.
Wands
 r - a wand of roots (2)
 C - a wand of charming (4)
 D - a wand of mindburst (11)
Scrolls
 e - 2 scrolls of fear
 j - 3 scrolls of amnesia
 k - a scroll of enchant armour
 m - a scroll of blinking {unknown}
 n - 2 scrolls of teleportation
 p - a scroll of silence {unknown}
 q - a scroll of vulnerability {unknown}
 t - a scroll of revelation {unknown}
 x - a scroll of noise {unknown}
 A - a scroll of immolation {unknown}
Potions
 i - a potion of invisibility
 l - a potion of curing
 v - a potion of attraction
 z - a potion of enlightenment
 B - a potion of haste {unknown}
 J - a potion of mutation {unknown}
Miscellaneous
 w - a sack of spiders (inert)


   Skills:
 * Level 7.8 Fighting
 + Level 9.5 Axes
 + Level 0.6 Throwing
 + Level 7.4 Armour
 - Level 0.8 Dodging
 + Level 5.6 Shields
 * Level 3.6 Spellcasting
 + Level 0.2 Evocations


You had 15 spell levels left.
You didn't know any spells.
Your spell library contained the following spells:

 Spells                   Type           Power      Damage    Failure   Level
 Apportation              Tloc           4%         N/A       50%         1
 Foxfire                  Conj/Fire      12%        2x1d4     50%         1
 Magic Dart               Conj           8%         1d3       50%         1
 Necrotise                Necr           8%         1d4       50%         1
 Call Imp                 Summ           4%         N/A       63%         2
 Jinxbite                 Hex            4%         N/A       63%         2
 Lesser Beckoning         Tloc           4%         N/A       63%         2
 Searing Ray              Conj           4%         2d4       63%         2
 Sublimation of Blood     Necr           2%         N/A       63%         2
 Gell's Gravitas          Tloc           2%         N/A       86%         3
 Teleport Other           Tloc           2%         N/A       86%         3
 Vampiric Draining        Necr           2%         2d6       86%         3
 Fulminant Prism          Conj/Alch      1%         3d5       99%         4
 Martyr's Knell           Necr/Summ      2%         N/A       99%         4
 Olgreb's Toxic Radiance  Alch           2%         N/A       99%         4
 Alistair's Intoxication  Alch           1%         N/A       100%        5
 Curse of Agony           Necr           2%         N/A       100%        5
 Plasma Beam              Fire/Air       1%         2x1d11    100%        6
 Starburst                Conj/Fire      1%         6d3       100%        6
 Ozocubu's Refrigeration  Ice            1%         4d7       100%        7
 Summon Hydra             Summ           1%         N/A       100%        7
 Discord                  Hex            1%         N/A       100%        8


Dungeon Overview and Level Annotations

Branches:
Dungeon (9/15)             Bailey (1/1)
 Temple: D:4-7         Lair: D:8-11         Orc: D:9-12

Altars:
Fedhas
Makhleb
Vehumet
Zin

Shops:
D:1 [

Portals:
Abyss: D:5

Annotations:
D:5 2 transporters, hipposaver's ghost, novice DjCj


Innate Abilities, Weirdness & Mutations

Your spellcasting is much less encumbered by armour.
You can use scrolls of enchantment on lesser artefacts.


Message History

The orc knight barely misses you.
Your scorpion stings the orc knight.
Your scorpion stings the orc knight but does no damage.
Aiming: Mindburst
Press: ? - help, Shift-Dir - straight line, f/p - orc knight
Aim: an orc knight, wielding a +0 glaive and wearing a +0 crystal plate armour (lightly wounded, ally target, chance to affect: 47%)
The orc knight resists with some effort.
Your scorpion stings the orc knight but does no damage.
Your scorpion closely misses the orc knight.
You block the orc knight's attack.
Aiming: Mindburst
Press: ? - help, Shift-Dir - straight line, f/p - orc knight
Aim: an orc knight, wielding a +0 glaive and wearing a +0 crystal plate armour (lightly wounded, ally target, chance to affect: 47%)
The orc knight resists with some effort.
Your scorpion closely misses the orc knight.
Your scorpion stings the orc knight but does no damage.
The orc knight hits you from afar with a +0 glaive.
* * * LOW HITPOINT WARNING * * *
Aiming: Mindburst
Press: ? - help, Shift-Dir - straight line, f/p - orc knight
Aim: an orc knight, wielding a +0 glaive and wearing a +0 crystal plate armour (lightly wounded, ally target, chance to affect: 47%)
The orc knight resists with some effort.
Your scorpion stings the orc knight but does no damage.
Your scorpion stings the orc knight.
The orc knight hits you from afar with a +0 glaive!
* * * LOW HITPOINT WARNING * * *
Your scorpion stings the orc knight.
The orc knight is poisoned.
Your scorpion poisons the orc knight!
Your scorpion stings the orc knight.
Aiming: Mindburst
Press: ? - help, Shift-Dir - straight line, f/p - orc knight
Aim: an orc knight, wielding a +0 glaive and wearing a +0 crystal plate armour (lightly wounded, not watching you, very poisoned, ally target, chance to affect: 47%)
The orc knight's mind is blasted!
The orc knight hits you from afar with a +0 glaive.
* * * LOW HITPOINT WARNING * * *
Your scorpion barely misses the orc knight.
Your scorpion stings the orc knight but does no damage.
Unknown command.
You fade into invisibility!
The orc knight hits you from afar with a +0 glaive!
You die...

#...≈≈≈≈..##
####..≈≈≈≈≈..# .####
###.....≈≈≈≈...# ...o
♣♣♣...♣♣..≈≈≈≈...##...
♣♣......♣..≈≈≈≈....#.o#
♣.........######...#.ß#
♣..∩...............#..#
♣.........s...(....'..#
♣..))..)@.os.((....'..#
♣..∩.).))))).......#..#
♣....)....######...#.ß#
♣♣.........≈≈≈≈....#..#
♣♣♣....♣..≈≈≈≈.♣.##...
###.....≈≈≈≈...# o...
##.♣..≈≈≈≈♣..# o####
#...≈≈≈≈≈♣..####
#♣.≈≈≈≈≈♣♣....#


You could see an orc knight (unable to see you, very poisoned, ally target) and
2 friendly scorpions.

Vanquished Creatures
  5 humans (D:6)
  Edmund (D:4)
  A water moccasin (D:4)
  A sky beast (D:7)
  7 orc warriors
  A centaur (D:5)
  An ogre (D:5)
  2 phantoms
  A bullfrog (D:6)
  A kobold brigand (D:7)
  3 scorpions
  A wight (D:6)
  3 jellies
  2 hounds
  2 orc priests
  Crazy Yiuf (D:2)
  A bombardier beetle (D:4)
  An iguana (D:3)
  A sleepcap (D:5)
  5 orc wizards
  7 adders
  4 gnolls
  A shadow imp (D:4)
  2 white imps
  2 ufetubi (D:3)
  2 dart slugs
  2 ribbon worms
  32 orcs
  9 ball pythons
  A bat (D:2)
  11 endoplasms
  3 giant cockroaches
  10 goblins
  6 hobgoblins
  6 jackals
  10 kobolds
  3 quokkas
  4 frilled lizards
  3 rats
159 creatures vanquished.

Vanquished Creatures (others)
  An orc (Bailey)
1 creature vanquished.

Grand Total: 160 creatures vanquished

Notes
Turn   | Place    | Note
-------+----------+-------------------------------------------
     0 | D:1      | jlumianski the Mountain Dwarf Fighter began the quest for
                  | the Orb.
     0 | D:1      | Reached XP level 1. HP: 19/19 MP: 1/1
   107 | D:1      | Found a faded altar of an unknown god.
   259 | D:1      | Reached XP level 2. HP: 23/27 MP: 2/2
   489 | D:1      | Reached skill level 3 in Axes
   683 | D:1      | Reached XP level 3. HP: 33/33 MP: 3/3
   737 | D:1      | Found Jissa's Armour Emporium.
  1427 | D:2      | Reached XP level 4. HP: 40/40 MP: 4/4
  1511 | D:2      | Found a runed translucent door.
  1512 | D:2      | Noticed Crazy Yiuf
  1823 | D:4      | Noticed Edmund
  1967 | D:3      | Reached skill level 4 in Axes
  2093 | D:3      | Reached XP level 5. HP: 46/46 MP: 5/5
  2765 | D:3      | Found a glowing silver altar of Zin.
  2766 | D:3      | Noticed an angel
  2944 | D:4      | Killed Edmund
  2945 | D:4      | Reached skill level 5 in Axes
  2945 | D:4      | Reached XP level 6. HP: 10/53 MP: 6/6
  3629 | D:4      | Found a radiant altar of Vehumet.
  3714 | D:5      | Entered Level 5 of the Dungeon
  3763 | D:5      | Reached skill level 5 in Fighting
  3840 | D:4      | Reached XP level 7. HP: 35/61 MP: 7/7
  4199 | D:4      | Reached skill level 6 in Axes
  4199 | D:4      | Reached skill level 5 in Armour
  4363 | D:4      | Found a burning altar of Makhleb.
  4456 | D:5      | Found a one-way gate to the infinite horrors of the Abyss.
  4471 | D:5      | Reached skill level 1 in Spellcasting
  4826 | D:5      | Noticed an ancient zyme
  4829 | D:5      | Identified the ring "Deebatin" {Fire rElec rN+}
  4835 | D:5      | Found a transporter.
  4841 | D:5      | Found a transporter.
  4985 | D:5      | Noticed hipposaver's ghost (novice DjCj)
  5622 | D:5      | Reached skill level 7 in Axes
  5622 | D:5      | Reached XP level 8. HP: 65/70 MP: 10/10
  6248 | D:7      | Reached skill level 5 in Shields
  6280 | D:6      | Reached skill level 8 in Axes
  6418 | D:6      | Reached XP level 9. HP: 21/78 MP: 13/13
  6564 | D:1      | Bought a +2 helmet of intelligence for 236 gold pieces
  6673 | D:2      | Killed Crazy Yiuf
  7265 | D:6      | You fall into a shaft and drop 1 floor!
  7268 | D:7      | Found a blossoming altar of Fedhas.
  7479 | D:8      | Reached skill level 9 in Axes
  7621 | D:8      | Found a flagged portal.
  7671 | Bailey   | Entered a bailey
  7721 | Bailey   | HP: 3/79 [orc warrior/+0 trident (4)]
  8186 | Bailey   | Noticed an orc knight
  8207 | Bailey   | Slain by an orc knight

Illustrated notes

Levels and vault maps discovered:
D:1:      dpeg_arrival_rooms_a, layout_basic, serial_shops,
          nicolae_shop_crystal, basic_ecumenical_altar
D:2:      layout_basic, uniq_crazy_yiuf_cottage
D:3:      layout_basic, zin_angel, dreamdust_princess_corridor,
          wad_floor_pattern_untrapped
D:4:      layout_cave_pools, nicolae_vehumet_altar_sigil, old_standard_altar,
          serial_glass, glass_columns_a, glass_columns_a, item_on_display_a,
          minmay_strange_pillars, dreamdust_mushroom_princess,
          minmay_checkerbox, uniq_edmund
D:5:      layout_loops_cross, gammafunk_ghost_abyssal_escape, abandoned_shop,
          kennysheep_generic_room_14
D:6:      layout_basic, minmay_ruffians
D:7:      layout_rooms, lemuel_doored_altar, minmay_temple_entry_hall,
          chequers_serial_rivers_micro_a
D:8:      nzn_winding_woodlands_small [nzn_winding_woodlands_5x15_pool,
          nzn_winding_woodlands_center_lodge,
          nzn_winding_woodlands_5x15_crooked], layout_loops_ring,
          grunt_dithmenos_smoke, enter_bailey_4, minmay_joined_circles
D:9:      layout_rooms, mainiacjoe_overflow_cross_hatched, lair_entry_dummy
Bailey:   bailey_polearm_elven_captive_hellmonk, bailey

Skill      XL: |  1  2  3  4  5  6  7  8  9 |
---------------+----------------------------+-----
Axes           | 3 4 5 7 8 9 |  9.5
Fighting       | 4 5 6 7 |  7.8
Armour         | 4 5 6 7 |  7.4
Shields        | 4 5 |  5.6
Spellcasting   | 1 2 3 |  3.6
Throwing       | |  0.6
Dodging        | |  0.8
Evocations     | |  0.2

Action                     |  1- 3 |  4- 6 |  7- 9 || total
---------------------------+-------+-------+-------++-------
  Melee: War axe           |   153 |   180 |   418 ||   751
  Throw: Dart              |       |       |    17 ||    17
  Evoke: Wand              |       |     1 |    10 ||    11
         Sack of spiders   |       |       |     1 ||     1
    Use: Scroll            |       |     4 |     3 ||     7
         Potion            |       |     1 |     3 ||     4
 Armour: Scale mail        |   124 |   141 |       ||   265
         Chain mail        |       |       |   256 ||   256
         Plate armour      |       |       |   121 ||   121
  Dodge: Dodged            |    77 |    92 |   160 ||   329
  Block: Buckler           |    31 |    52 |   106 ||   189

Table legend: (Time is in decaauts)
 A = Elapsed time spent in this place.
 B = Non-inter-level travel time spent in this place.
 C = Inter-level travel time spent in this place.
 D = Time resting spent in this place.
 E = Time spent auto-exploring this place.
 F = Levels seen in this place.
 G = Mean time per level.
                   A        B        C        D        E       F      G
               +--------+--------+--------+--------+--------+-----+--------+
         Total |   8399 |   7982 |    417 |   1485 |   3444 |  10 |  839.9 |
       Dungeon |   7861 |   7444 |    417 |   1211 |   3444 |   9 |  873.4 |
        Bailey |    538 |    538 |      0 |    274 |      0 |   1 |  538.0 |
               +--------+--------+--------+--------+--------+-----+--------+

Top non-repeatable levels by time:
     D:3: 1746 daAuts
     D:5: 1520 daAuts
     D:4: 1076 daAuts
     D:1: 1031 daAuts
     D:6: 1026 daAuts
     D:2: 979 daAuts
  Bailey: 538 daAuts
     D:8: 254 daAuts
     D:7: 216 daAuts
     D:9: 9 daAuts
